Unix NetHack Version 3.7.0-102 Work-in-progress - last build Apr 6 2024 13:22:21 (d302a6a9ff6341f1a922d8f5af178406b35fdf99,branch:master). Game began 2024-05-02 09:47:51, ended 2024-05-02 10:09:30. fstd, neutral male human Wizard --- --- ----------.-------.--.---.----)| ------ |.........................)%)..| |..... |....-------......#....|..--...| |._....-.)..|.%%| |........{....-|...| |......|....-..%| |..----.....#..|...| | --------)%..----| |..| |........|..@| -.....................| -..| --|--...----.| --- ----- -- ----------.--|--- ...- ...|...| |@---------.---....-- ..| .... |(((|...+ |@..................| |..| ----- |(((|...- ------------.......-- -+-- ----|.... |......-- |..... --<...-- |..---- |....-- |..| -.....| -.. .....-- .. .....| .. -.--.-- --- -- -- Fstd the Thaumaturge St:11 Dx:14 Co:16 In:18 Wi:10 Ch:8 Neutral S:3625 Dlvl:7 $:57 HP:0(67) Pw:4(61) AC:5 Xp:7 T:3618 Burdened Latest messages: You hear an animal carcass being offered in sacrifice. You hear the chime of a cash register. The coyote is hit. It is missed. It misses. It is missed. It misses. The coyote is hit. The coyote is killed! You are hit! It misses. It misses. You are hit. It misses. You are hit. It is missed. It misses. You can see again. The Green-elf shoots 2 runed arrows! The 1st runed arrow hits it. The 2nd runed arrow misses it. It misses. The Green-elf shoots 2 runed arrows! The 1st runed arrow misses it. It misses. The 2nd runed arrow misses it. It misses. There are several objects here. You hear bubbling water. You have a little trouble lifting A - 2 darts There are several more objects here. The Green-elf throws a stout spear! The stout spear misses it. It misses. The Green-elf wields a runed short sword! In what direction? k The spell hits it. The spell hits it. The Green-elf hits! The Green-elf shoots 2 runed arrows! The 1st runed arrow misses. The 2nd runed arrow misses it. You are hit. You miss it. The Green-elf hits! The Green-elf shoots a runed arrow! The runed arrow hits it. The Green-elf hits! You die... Do you want your possessions identified? [ynq] (y) q Inventory: Coins ('$') $ - 57 gold pieces Amulets ('"') p - an uncursed amulet of flying Weapons (')') A - 32 uncursed +0 darts J - 2 uncursed +0 daggers w - a cursed -3 dagger I - an uncursed +0 elven dagger (alternate weapon; not wielded) a - a blessed +1 quarterstaff (weapon in hands) Armor ('[') X - an uncursed rustproof +0 dwarvish iron helm q - an uncursed +0 orcish helm (being worn) M - a cursed +0 pair of iron shoes b - an uncursed +0 cloak of magic resistance (being worn) U - an uncursed +0 dwarvish cloak t - an uncursed +0 studded leather armor (being worn) Comestibles ('%') y - an uncursed pear K - a cursed rotten tin of dwarf meat T - a cursed rotten tin of goblin meat Q - 2 uncursed lichen corpses Scrolls ('?') F - 3 uncursed scrolls of blank paper h - an uncursed scroll of confuse monster E - a blessed scroll of destroy armor P - 2 uncursed scrolls of enchant armor j - 2 uncursed scrolls of identify i - an uncursed scroll of teleportation W - a cursed scroll of teleportation Spellbooks ('+') H - an uncursed spellbook of chain lightning k - a blessed spellbook of force bolt Potions ('!') f - 4 uncursed potions of healing D - a cursed potion of oil g - an uncursed potion of water Rings ('=') z - a cursed -1 ring of gain strength named c e - an uncursed ring of stealth d - an uncursed ring of teleportation v - a cursed ring of teleportation Wands ('/') c - an uncursed wand of magic missile (0:0) Tools ('(') m - an uncursed magic marker (0:22) l - an uncursed oil lamp L - an uncursed +0 pick-axe x - an uncursed tin whistle n - an uncursed towel B - an uncursed wax candle Gems/Stones ('*') O - an uncursed obsidian stone Y - an uncursed opal V - 2 uncursed sapphires N - 2 uncursed worthless pieces of blue glass R - 2 uncursed worthless pieces of orange glass S - 2 cursed worthless pieces of white glass G - an uncursed worthless piece of yellow glass C - 3 uncursed worthless pieces of yellowish brown glass Fstd the Wizard's attributes: Background: You were a Thaumaturge, a level 7 male human Wizard. You were neutral, on a mission for Thoth who was opposed by Ptah (lawful) and Anhur (chaotic). You were right-handed. You were in the Gnomish Mines, on level 7. You entered the dungeon 3618 turns ago. You had 817 experience points, 463 more were needed to attain level 8. Your score was 3625 before end-of-game adjustments. Basics: You had 0 out of 67 hit points. You had 4 out of 61 energy points (spell power). Your armor class was 5. Your wallet contained 57 zorkmids. Autopickup was on for '$"?!=+/(*' plus thrown, with exceptions. Final Characteristics: Your strength was 11 (limit:18/100). Your dexterity was 14 (limit:18). Your constitution was 16 (limit:18). Your intelligence was 18 (limit:18). Your wisdom was 10 (limit:18). Your charisma was 8 (limit:18). Final Status: You weren't hungry. You were burdened; movement was slightly slowed. You were wielding a quarterstaff. You had basic skill with quarterstaff and could have enhanced that. Final Attributes: You were piously aligned. You were magic-protected. You were telepathic. You were warded. You are dead. Miscellaneous: You disabled loading of bones levels. Total elapsed playing time was 21 minutes and 39 seconds. Major events: Turn 1: fstd the neutral male human Wizard entered the dungeon 1007: entered the Gnomish Mines 1147: attained the rank of Conjurer (level 3) 2648: attained the rank of Thaumaturge (level 6) 3351: reached Mine Town 3618: killed by a Green-elf Vanquished creatures: a gnome ruler a Green-elf a dwarf leader a dust vortex a bugbear a fog cloud a yellow light a shrieker 12 gnome leaders a paper golem a floating eye 8 dwarves a kobold shaman a wererat 3 iguanas 2 acid blobs 4 coyotes a gas spore a hobbit 9 manes 2 giant rats a cave spider 2 yellow molds 25 gnomes a gecko 6 jackals a fox 4 kobolds 4 goblins 7 sewer rats 6 grid bugs 4 lichens 5 newts 120 creatures vanquished. No species were genocided or became extinct. Voluntary challenges: You were illiterate. You never engraved Elbereth. You never genocided any monsters. You never polymorphed an object. You never changed form. You used no wishes. Achievements: You entered a shop. You entered the Gnomish Mines. You attained the rank of Conjurer. You attained the rank of Thaumaturge. You entered Minetown. The Dungeons of Doom: levels 1 to 4 Level 1: A grave. Level 2: "shirt" Level 3: A fountain. Stairs down to The Gnomish Mines. Level 4: The Gnomish Mines: levels 4 to 7 Level 4: Level 5: Level 6: Level 7: <- You were here. An altar, a fountain, some trees. Final resting place for you, killed by a Green-elf. Game over: ---------- / \ / REST \ / IN \ / PEACE \ / \ | fstd | | 57 Au | | killed by a | | Green-elf | | | | | | 2024 | *| * * * | * _________)/\\_//(\/(/\)/\//\/|_)_______ Goodbye fstd the Wizard... You died in The Gnomish Mines on dungeon level 7 with 3620 points, and 57 pieces of gold, after 3618 moves. You were level 7 with a maximum of 67 hit points when you died.